AoeStats
← !add 2

Fortress

507795425Analyzed
2v2 RM · 13d ago on Sep 19, 2026· 47m 42s· 4 players
Game mode
Random Map
Map size
Normal (6 player)
Population
200
Speed
Normal
Resources
Standard
Victory
Conquest
Starting age
Dark Age
Ending age
Imperial Age
RankedLock teamsTeams togetherTeam positionsShared explorationLock speedFull tech treeHidden civsTurbo modeCheats
Victory
Defeat
🇪🇸 Britons · Spain
808
+13
🇪🇸 Bohemians · Spain
695
+18
🇹🇷 Byzantines · Türkiye
845
-56
🇰🇿 Slavs · Kazakhstan
642
-20
!add 2
7:13 Loom
10:09 Feudal Age
11:48 Wheelbarrow
10:57 Horse Collar
11:05 Double-Bit Axe
11:27 Town Watch
13:31 Gold Mining
17:32 Town Watch
20:37 Castle Age
23:17 Heavy Plow
23:58 Gold Shaft Mining
22:47 Man-at-Arms
24:14 Squires
24:25 Stone Mining
29:17 Bow Saw
28:32 Long Swordsman
33:47 Imperial Age
32:14 Scale Barding Armor
33:27 Detinets
34:55 Conscription
33:58 Elite Boyar
38:41 Chain Barding Armor
41:41 Plate Barding Armor
MossTea
3:51 Loom
11:15 Feudal Age
12:10 Stone Mining
12:09 Double-Bit Axe
12:18 Horse Collar
16:01 Wheelbarrow
18:12 Man-at-Arms
21:01 Castle Age
21:25 Gold Mining
21:47 Scale Barding Armor
21:54 Forging
23:49 Gold Shaft Mining
23:49 Stone Shaft Mining
23:26 Heavy Plow
23:50 Chain Barding Armor
24:06 Iron Casting
23:33 Scale Mail Armor
27:09 Sanctity
27:13 Redemption
27:16 Fervor
32:16 Padded Archer Armor
43:01 Imperial Age
44:03 Conscription
43:47 Elite Cataphract
Grimor91
9:40 Feudal Age
11:14 Double-Bit Axe
15:29 Castle Age
15:47 Fletching
15:58 Padded Archer Armor
17:42 Wagenburg Tactics
18:03 Bow Saw
20:33 Horse Collar
28:56 Imperial Age
26:03 Elite Skirmisher
27:20 Squires
26:42 Pikeman
29:33 Elite Hussite Wagon
32:38 Halberdier
34:43 Two-Man Saw
33:46 Scale Mail Armor
33:58 Forging
34:04 Leather Archer Armor
33:45 Bodkin Arrow
34:15 Ballistics
34:57 Chemistry
37:44 Ring Archer Armor
37:15 Bracer
37:52 Iron Casting
37:34 Chain Mail Armor
39:48 Arson
45:32 Blast Furnace
45:03 Plate Mail Armor
44:38 Murder Holes
jurjur.mobile
5:13 Loom
7:50 Feudal Age
9:18 Double-Bit Axe
13:33 Castle Age
14:36 Forging
14:21 Fletching
14:24 Crossbowman
17:38 Ballistics
17:33 Bow Saw
18:58 Wheelbarrow
19:12 Padded Archer Armor
20:59 Yeomen
22:25 Leather Archer Armor
22:55 Bodkin Arrow
25:12 Hand Cart
26:58 Horse Collar
30:32 Imperial Age
28:06 Gold Mining
28:07 Stone Mining
30:52 Arbalester
33:18 Gold Shaft Mining
33:14 Bracer
34:29 Chemistry
34:06 Ring Archer Armor
33:49 Caravan
33:42 Pikeman
34:23 Squires
38:52 Elite Skirmisher
38:52 Heavy Cavalry Archer
39:44 Forging
39:34 Scale Mail Armor
39:39 Scale Barding Armor
39:47 Masonry
39:17 Treadmill Crane
39:27 Heated Shot
39:42 Siege Engineers
39:32 Murder Holes
39:47 Fortified Wall
42:24 Town Watch
42:02 Elite Longbowman
43:25 Architecture
43:16 Fortified Wall
Connection lost

Rejoining the realm…

Still unreachable

The connection could not be restored.

Session expired

The server has moved on; the page needs a fresh start.